 Dungeon Crawl Stone Soup version 0.30-a0-652-gcc886f7154 (webtiles) character file.

Game seed: 7861530029867065611

87 CraigOfTheCreek the Slicer (level 4, -1/34 HPs)
             Began as a Gnoll Wanderer on Jan 17, 2023.
             Slain by Sigmund
             ... wielding a +0 scythe
              (9 damage)
             ... on level 3 of the Dungeon.
             The game lasted 00:03:57 (1588 turns).

CraigOfTheCreek the Slicer (Gnoll Wanderer)         Turns: 1588, Time: 00:03:57

Health: -1/34      AC:  8    Str: 14    XL:     4   Next: 51%
Magic:  5/5        EV: 16    Int: 11    God:
Gold:   109        SH:  0    Dex: 13    Spells: 5/5 levels left

rFire   . . .      SeeInvis .    t - +0 spear "Death Rattle" {heavy, Str+2}
rCold   . . .      Faith    .    (no shield)
rNeg    . . .      Spirit   .    c - +0 ring mail
rPois   .          Reflect  .    (no helmet)
rElec   +          Harm     .    (no cloak)
rCorr   +          Rampage  .    f - +1 pair of gloves "Ataeshin" {rElec rCorr}
Will    .....                    (no boots) Stlth
                                 (no amulet)
HPRegen 0.25/turn                n - +5 ring of evasion
MPRegen 0.09/turn                (no ring)

@: confused
A: fangs 1, strong nose, distributed training
a: no special abilities


You were on level 3 of the Dungeon.
You visited 1 branch of the dungeon, and saw 3 of its levels.

You collected 109 gold pieces.

Inventory:

Hand Weapons
 a - a +2 short sword
 k - a +0 heavy spear
 t - the +0 spear "Death Rattle" (weapon) {heavy, Str+2}
   (You found it on level 3 of the Dungeon)

   Str:       It affects your strength (+2).
Armour
 c - a +0 ring mail (worn)
 f - the +1 pair of gloves "Ataeshin" (worn) {rElec rCorr}
   (You acquired it on level 1 of the Dungeon)

   rElec:     It insulates you from electricity.
   rCorr:     It protects you from acid and corrosion.
Jewellery
 m - a ring of magical power
 n - a +5 ring of evasion (left hand)
Scrolls
 d - a scroll of vulnerability
 g - a scroll of torment {unknown}
 i - a scroll of amnesia
 j - 2 scrolls of teleportation
 q - a scroll of identify
 r - a scroll of enchant armour {unknown}
 s - a scroll of magic mapping {unknown}
Potions
 b - a potion of attraction
 e - a potion of magic
 h - a potion of brilliance {unknown}
 l - a potion of haste {unknown}
 o - a potion of curing {unknown}
 p - a potion of degeneration {unknown}


   Skills:
 + Level 2.8 Fighting
 + Level 8.6 Short Blades
 + Level 1.2 Long Blades
 + Level 1.2 Axes
 + Level 1.2 Maces & Flails
 + Level 1.2 Polearms
 + Level 1.2 Staves
 + Level 1.2 Ranged Weapons
 + Level 1.2 Throwing
 + Level 4.7 Armour
 + Level 2.8 Dodging
 + Level 2.6 Stealth
 + Level 1.2 Shields
 + Level 2.8 Unarmed Combat
 + Level 1.2 Spellcasting
 + Level 1.0 Conjurations
 + Level 1.0 Hexes
 + Level 1.0 Summonings
 + Level 1.0 Necromancy
 + Level 1.0 Translocations
 + Level 1.0 Transmutations
 + Level 1.0 Fire Magic
 + Level 1.0 Ice Magic
 + Level 1.0 Air Magic
 + Level 1.0 Earth Magic
 + Level 1.0 Poison Magic
 + Level 1.3 Invocations
 + Level 1.2 Evocations


You had 5 spell levels left.
You didn't know any spells.
Your spell library contained the following spells:

 Spells                   Type           Power      Damage    Failure   Level
 Apportation              Tloc           4%         N/A       36%         1
 Necrotise                Necr           8%         1d4       36%         1
 Summon Small Mammal      Summ           8%         N/A       36%         1


Dungeon Overview and Level Annotations

Branches:
Dungeon (3/15)

Altars:
Dithmenos

Annotations:
D:3 Sigmund


Innate Abilities, Weirdness & Mutations

You have very sharp teeth.
Your uncanny sense of smell can sniff out nearby items.
Your experience applies equally to all skills.


Message History

You see here a +0 pair of boots.
You see here the +0 spear "Death Rattle" {heavy, Str+2}.
t - the +0 spear "Death Rattle" {heavy, Str+2} You feel stronger.
t - the +0 spear "Death Rattle" (weapon)
{heavy, Str+2} Sigmund the Dreaded comes into view.
He is wielding a +0 scythe.
Found a hand axe.
A bat comes into view.
There are monsters nearby!
The bat hits you but does no damage.
You puncture the bat!
You kill the bat!
Sigmund mumbles some strange words.
Sigmund flickers and vanishes!
Deactivating autopickup; reactivate with Ctrl-A.
You hear an angry hiss.
No target in view!
A magic dart appears from out of thin air!
The magic dart hits you.
A frilled lizard and a quokka come into view.
The frilled lizard hisses angrily.
The quokka moves out of view.
A magic dart appears from out of thin air!
The magic dart hits you!
An endoplasm comes into view.
The endoplasm quivers.
You hear some strange, mumbled words.
You are confused.
You hear some strange, mumbled words.
You are more confused.
The endoplasm freezes you.
You are frozen.
You bump into the rock wall.
Something hits you! The endoplasm freezes you.
You are frozen.
The endoplasm freezes you.
You are frozen.
* * * LOW HITPOINT WARNING * * *
Something hits you!
You die...

#..##.....#.##.#....
#..#....#.#.##.#....
#..'..........[.#+#.
#.###..#...##.#.#.###...
............l.........#.
.......r.####.#...###.#.
.###.#...####.#...# #.#.
# #.lJ.....#...###.#.
##@.##...........#.
.##..##.#.#.......#.
#...........#.##.....#
#...##..##...#.####...#
#........?...+........#
.. ..........#.####....
# ..#..##...#.####....
...#).##.............
.#..#..######.....†#.#


You could see an endoplasm, a quokka and a frilled lizard.

Vanquished Creatures
  Jessica (D:3)
  3 adders
  A worm (D:3)
  A dart slug (D:1)
  2 ball pythons (D:2)
  An endoplasm (D:3)
  2 giant cockroaches
  2 hobgoblins (D:2)
  2 jackals (D:1)
  4 bats
  A frilled lizard (D:1)
  2 goblins
  8 kobolds
  3 rats
33 creatures vanquished.

Notes
Turn   | Place    | Note
-------+----------+-------------------------------------------
     0 | D:1      | CraigOfTheCreek the Gnoll Wanderer began the quest for the
                  | Orb.
     0 | D:1      | CraigOfTheCreek set off with the following items: a +2
                  | short sword, a potion of attraction, a +0 ring mail, a
                  | scroll of vulnerability.
     0 | D:1      | Reached XP level 1. HP: 17/17 MP: 1/1
   206 | D:1      | Found a faded altar of an unknown god.
   211 | D:1      | Reached XP level 2. HP: 23/23 MP: 2/2
   498 | D:1      | Identified a scroll of acquirement
   498 | D:1      | Acquired the +1 pair of gloves "Ataeshin" {rElec rCorr}
   685 | D:2      | Found a shadowy altar of Dithmenos.
   715 | D:2      | Reached XP level 3. HP: 28/28 MP: 3/3
  1066 | D:2      | Reached skill level 1 in Invocations
  1412 | D:3      | Reached skill level 1 in Long Blades
  1412 | D:3      | Reached skill level 1 in Axes
  1412 | D:3      | Reached skill level 1 in Maces & Flails
  1412 | D:3      | Reached skill level 1 in Polearms
  1412 | D:3      | Reached skill level 1 in Staves
  1412 | D:3      | Reached skill level 1 in Ranged Weapons
  1412 | D:3      | Reached skill level 1 in Throwing
  1412 | D:3      | Reached skill level 1 in Shields
  1412 | D:3      | Reached skill level 1 in Spellcasting
  1412 | D:3      | Reached skill level 1 in Evocations
  1462 | D:3      | Reached XP level 4. HP: 34/34 MP: 5/5
  1503 | D:3      | Noticed Jessica
  1507 | D:3      | Killed Jessica
  1508 | D:3      | Reached skill level 1 in Conjurations
  1508 | D:3      | Reached skill level 1 in Hexes
  1508 | D:3      | Reached skill level 1 in Summonings
  1508 | D:3      | Reached skill level 1 in Necromancy
  1508 | D:3      | Reached skill level 1 in Translocations
  1508 | D:3      | Reached skill level 1 in Transmutations
  1508 | D:3      | Reached skill level 1 in Fire Magic
  1508 | D:3      | Reached skill level 1 in Ice Magic
  1508 | D:3      | Reached skill level 1 in Air Magic
  1508 | D:3      | Reached skill level 1 in Earth Magic
  1508 | D:3      | Reached skill level 1 in Poison Magic
  1551 | D:3      | Identified the +0 spear "Death Rattle" {heavy, Str+2}
  1560 | D:3      | Noticed Sigmund
  1588 | D:3      | Slain by Sigmund

Illustrated notes

Levels and vault maps discovered:
D:1:      scummos_arrival_simple_crosswalls, layout_basic,
          shapermc_ecumenical_altar_acropolis, chequers_serial_rivers_marsh,
          minmay_misc_feat_chi, dreamdust_princess_bridge
D:2:      layout_basic, basic_altar, serial_park_tiny_1
D:3:      layout_basic, nrook_loot_triangle, uniq_jessica, uniq_sigmund

Skill      XL: |  1  2  3  4 |
---------------+-------------+-----
Invocations    | 1 |  1.3
Long Blades    | 1 |  1.2
Axes           | 1 |  1.2
Maces & Flails | 1 |  1.2
Polearms       | 1 |  1.2
Staves         | 1 |  1.2
Ranged Weapons | 1 |  1.2
Throwing       | 1 |  1.2
Shields        | 1 |  1.2
Spellcasting   | 1 |  1.2
Evocations     | 1 |  1.2
Conjurations   | 1 |  1.0
Hexes          | 1 |  1.0
Summonings     | 1 |  1.0
Necromancy     | 1 |  1.0
Translocations | 1 |  1.0
Transmutations | 1 |  1.0
Fire Magic     | 1 |  1.0
Ice Magic      | 1 |  1.0
Air Magic      | 1 |  1.0
Earth Magic    | 1 |  1.0
Poison Magic   | 1 |  1.0
Fighting       | |  2.8
Short Blades   | |  8.6
Armour         | |  4.7
Dodging        | |  2.8
Stealth        | |  2.6
Unarmed Combat | |  2.8

Action                   |  1- 3 |  4- 6 || total
-------------------------+-------+-------++-------
Melee: Short sword       |    28 |       ||    28
       Bite              |     5 |     1 ||     6
       Spear             |    57 |     7 ||    64
       Punch             |       |     1 ||     1
  Use: Scroll            |     5 |       ||     5
 Stab: Sleeping          |     1 |     1 ||     2
       Distracted        |     1 |       ||     1
Armor: Ring mail         |    40 |     1 ||    41
Dodge: Dodged            |    53 |     4 ||    57

Table legend: (Time is in decaauts)
 A = Elapsed time spent in this place.
 B = Non-inter-level travel time spent in this place.
 C = Inter-level travel time spent in this place.
 D = Time resting spent in this place.
 E = Time spent auto-exploring this place.
 F = Levels seen in this place.
 G = Mean time per level.
                   A        B        C        D        E       F      G
               +--------+--------+--------+--------+--------+-----+--------+
         Total |   1614 |   1614 |      0 |      0 |   1187 |   3 |  538.0 |
       Dungeon |   1614 |   1614 |      0 |      0 |   1187 |   3 |  538.0 |
               +--------+--------+--------+--------+--------+-----+--------+

Top non-repeatable levels by time:
     D:2: 885 daAuts
     D:1: 523 daAuts
     D:3: 205 daAuts
